 Dungeon Crawl Stone Soup version 0.31.0-32-g396128a36d (webtiles) character file.

Game seed: 2443252202217602905

378 kalodont the Sneak (level 7, 0/38 HPs)
             Began as a Kobold Enchanter on Mar 19, 2024.
             Slain by an orc priest
             ... wielding a +0 dagger
              (1 damage)
             ... on level 5 of the Dungeon.
             The game lasted 00:16:07 (2691 turns).

kalodont the Sneak (Kobold Enchanter)               Turns: 2691, Time: 00:16:08

Health: 0/38       AC:  4    Str:  5    XL:     7   Next: 4%
Magic:  9/11       EV: 15    Int: 18    God:
Gold:   186        SH:  0    Dex: 16    Spells: 3/11 levels left

rFire   . . .        a - +1 dagger
rCold   . . .        (no shield)
rNeg    . . .        b - +0 robe
rPois   .            (no helmet)
rElec   .            (no cloak)
rCorr   .            o - +0 pair of gloves
SInv    .            l - +0 pair of boots
Will    .....        (no amulet)
Stlth   +++++        (no ring)
HPRegen 0.26/turn    (no ring)
MPRegen 0.12/turn

%: no passive effects
@: mighty, lethally poisoned (0 -> -1), hasted, very quick
A: small, no large weapons, nightstalker 3
a: no special abilities


You were on level 5 of the Dungeon.
You visited 1 branch of the dungeon, and saw 5 of its levels.

You collected 186 gold pieces.

Inventory:

Hand Weapons
 a - a +1 dagger (weapon)
 d - a +0 rapier
 k - a +0 falchion
 t - a +2 spear of freezing
 x - a +3 quarterstaff of chaos
Missiles
 g - 4 boomerangs (quivered)
 r - 2 poisoned darts
Armour
 b - a +0 robe (worn)
 l - a +0 pair of boots (worn)
 n - a +3 chain mail of fire resistance
 o - a +0 pair of gloves (worn)
Magical Staves
 j - a staff of alchemy
Wands
 s - a wand of flame (21)
Scrolls
 e - a scroll of immolation
 f - a scroll of revelation {unknown}
 h - a scroll of acquirement {unknown}
 i - 2 scrolls of enchant weapon {unknown}
 m - 3 scrolls of vulnerability {unknown}
 p - a scroll of teleportation {unknown}
 v - a scroll of noise {unknown}
 y - a scroll of fear {unknown}
Potions
 c - a potion of invisibility
 q - 2 potions of magic
 w - a potion of ambrosia {unknown}
 z - a potion of might


   Skills:
 + Level 1.2 Fighting
 + Level 3.3 Short Blades
 + Level 1.2 Throwing
 + Level 3.1 Dodging
 + Level 7.3 Stealth
 + Level 2.8 Spellcasting
 + Level 3.9 Hexes
 + Level 1.3 Ice Magic


You had 3 spell levels left.
You knew the following spells:

 Your Spells              Type           Power      Damage    Failure   Level
a - Ensorcelled Hibernat  Hex/Ice        24%        N/A       9%          2
b - Confusing Touch       Hex            16%        N/A       10%         3
c - Tukima's Dance        Hex            16%        N/A       10%         3

Your spell library contained the following spells:

 Spells                   Type           Power      Damage    Failure   Level
 Dazzling Flash           Conj/Hex       18%        N/A       22%         3


Dungeon Overview and Level Annotations

Branches:
Dungeon (5/15)
 Temple: D:4-7

Altars:


Innate Abilities, Weirdness & Mutations

You are small and have problems with some larger weapons.
You are completely attuned to the shadows.


Message History

The orc priest hits you with a +0 dagger.
The orc closely misses you. The scorpion closely misses you.
You closely miss the scorpion.
You feel sick.
The orc priest miscasts a cantrip.
The orc misses you. The scorpion barely misses you.
You hit the scorpion but do no damage.
The scorpion appears confused.
You feel sick.
You feel very mighty all of a sudden.
You feel sick.
The orc priest hits you but does no damage.
The orc hits you with a +0 flail.
An orc comes into view. It is wielding a +0 short sword.
You hit the scorpion but do no damage.
You feel sick. The orc closely misses you. The orc priest closely misses you.
The orc wizard hits you with a +0 dagger.
The scorpion stings you but does no damage.
The scorpion stings itself but does no damage.
You hit the scorpion.
The scorpion is lightly wounded.
The orc hits you with a +0 flail. The orc priest barely misses you.
The orc wizard closely misses you.
You puncture the scorpion!
The scorpion is heavily wounded.
You feel sick.
The orc priest hits you but does no damage.
The orc closely misses you.
The orc wizard hits you but does no damage.
You barely miss the orc wizard. Your punch misses the orc wizard.
You feel sick. The orc hits you with a +0 flail.
* * * LOW HITPOINT WARNING * * *
The orc priest hits you with a +0 dagger.
* * * LOW HITPOINT WARNING * * *
The orc wizard casts a spell.
The orc wizard flickers and vanishes!
Deactivating autopickup; reactivate with Ctrl-A.
It was a potion of haste.
You feel yourself speed up.
* * * LOW HITPOINT WARNING * * *
You feel sick. The orc misses you.
The orc priest hits you with a +0 dagger.
You die...

####.# #.#
.....# #.#
####.# #.# #.#
#.# ##### #.#
#.# #.... #.#
#.###...### #
#.#........#.#
..###.....o....
### #.....s@{#.
#.###..o### #.
....o.o #
###...### ...##


You could see a scorpion (confused), an orc priest and 2 orcs.

Vanquished Creatures
  Sigmund (D:2)
  Crazy Yiuf (D:3)
  3 hounds
  Terence (D:2)
  A gnoll (D:3)
  3 adders
  A white imp (D:4)
  A dart slug (D:4)
  7 ball pythons
  2 bats
  3 endoplasms
  A giant cockroach (D:2)
  A goblin (D:2)
  3 hobgoblins
  2 jackals (D:1)
  2 kobolds
  5 quokkas
  2 frilled lizards
  7 rats
47 creatures vanquished.

Notes
Turn   | Place    | Note
-------+----------+-------------------------------------------
     0 | D:1      | kalodont the Kobold Enchanter began the quest for the Orb.
     0 | D:1      | Reached XP level 1. HP: 10/10 MP: 3/3
   182 | D:1      | Reached XP level 2. HP: 15/15 MP: 5/5
   187 | D:1      | Learned a level 2 spell: Ensorcelled Hibernation
   908 | D:2      | Noticed Sigmund
   921 | D:2      | Noticed Terence
   934 | D:2      | Reached skill level 5 in Stealth
   934 | D:2      | Reached XP level 3. HP: 19/19 MP: 6/6
   939 | D:2      | Killed Terence
  1012 | D:2      | Reached XP level 4. HP: 22/24 MP: 4/7
  1179 | D:2      | Killed Sigmund
  1180 | D:2      | Reached skill level 1 in Fighting
  1180 | D:2      | Reached skill level 1 in Throwing
  1180 | D:2      | Reached skill level 6 in Stealth
  1180 | D:2      | Reached skill level 1 in Ice Magic
  1180 | D:2      | Reached XP level 5. HP: 29/29 MP: 5/9
  1180 | D:2      | Reached XP level 6. HP: 34/34 MP: 5/10
  1348 | D:3      | Found a transporter.
  1362 | D:3      | Noticed a kobold demonologist
  1371 | D:3      | Learned a level 3 spell: Confusing Touch
  1375 | D:3      | Learned a level 3 spell: Tukima's Dance
  1380 | D:3      | Noticed a neqoxec
  1384 | D:3      | Found a transporter.
  1831 | D:3      | Found a runed translucent door.
  1834 | D:3      | Noticed Crazy Yiuf
  1839 | D:3      | Killed Crazy Yiuf
  1983 | D:4      | Reached skill level 7 in Stealth
  2612 | D:5      | Entered Level 5 of the Dungeon
  2618 | D:5      | Reached XP level 7. HP: 38/38 MP: 11/11
  2691 | D:5      | HP: 1/38 [poisoned by a scorpion]
  2691 | D:5      | Slain by an orc priest

Illustrated notes

Levels and vault maps discovered:
D:1:      dpeg_arrival_round_a, layout_basic, minmay_tromino_v4_a
D:2:      layout_loops_cross, nicolae_grassy_gnolls, uniq_terence, uniq_sigmund
D:3:      gammafunk_wand_slinger, layout_loops_corners,
          hangedman_decor_clover_reticule, uniq_crazy_yiuf_cottage
D:4:      layout_basic, mainiacjoe_overflow_six_doors_small, minitemple
D:5:      layout_loops_ring, mainiacjoe_overflow_concentric_impassable,
          minmay_strange_pillars, serial_bayou_crossing

Skill      XL: |  1  2  3  4  5  6 |
---------------+-------------------+-----
Stealth        | 5 6 7 |  7.3
Fighting       | 1 |  1.2
Short Blades   | 3 |  3.3
Throwing       | 1 |  1.2
Ice Magic      | 1 |  1.3
Dodging        | 3 |  3.1
Spellcasting   | |  2.8
Hexes          | |  3.9

Action                     |  1- 3 |  4- 6 |  7- 9 || total
---------------------------+-------+-------+-------++-------
  Melee: Dagger            |    38 |    58 |    10 ||   106
  Throw: Boomerang         |     1 |     8 |       ||     9
   Cast: Ensorcelled Hiber |     3 |     5 |       ||     8
         Confusing Touch   |       |     2 |     1 ||     3
         Tukima's Dance    |       |     1 |       ||     1
    Use: Scroll            |       |     3 |       ||     3
         Potion            |       |     1 |     2 ||     3
   Stab: Sleeping          |    14 |    15 |       ||    29
         Confused          |       |     2 |       ||     2
 Armour: Robe              |     7 |    25 |    14 ||    46
  Dodge: Dodged            |    15 |    34 |    14 ||    63
